 Dungeon Crawl Stone Soup version 0.28.0-43-g3370ac3207 (webtiles) character file.

Game seed: 10912414180381780902

753 boopmooplesden the Slasher (level 7, -9/56 (61) HPs)
             Began as a Minotaur Fighter on Mar 17, 2022.
             Mangled by an ice beast (11 damage)
             ... on level 5 of the Dungeon.
             The game lasted 00:05:15 (4280 turns).

boopmooplesden the Slasher (Minotaur Fighter)       Turns: 4280, Time: 00:05:17

HP:   -9/56 (61)    AC: 10    Str: 23    XL:     7   Next: 49%
MP:   6/6           EV:  8    Int:  5    God:
Gold: 163           SH:  4    Dex:  9    Spells: 6/6 levels left

rFire   . . .      SeeInvis .   a - +1 long sword (flame)
rCold   . . .      Faith    .   c - +0 buckler
rNeg    . . .      Spirit   .   l - +0 chain mail
rPois   .          Reflect  .   (helmet restricted)
rElec   .          Harm     .   (no cloak)
rCorr   .          Rampage  .   (no gloves)
Will    .....                   (no boots)
Stlth   ..........              (no amulet)
HPRegen 0.18/turn               (no ring)
MPRegen 0.10/turn               (no ring)

@: about to teleport, drained
A: horns 2, retaliatory headbutt
a: no special abilities


You were on level 5 of the Dungeon.
You visited 1 branch of the dungeon, and saw 5 of its levels.

You collected 208 gold pieces.
You spent 45 gold pieces at shops.

Inventory:

Hand Weapons
 a - a +1 long sword of flaming (weapon)
 t - a +0 lajatang
Missiles
 d - 11 poisoned darts
 e - 83 sling bullets
 h - 8 boomerangs (quivered)
 k - a throwing net
Armour
 b - a +0 scale mail
 c - a +0 buckler (worn)
 l - a +0 chain mail (worn)
Jewellery
 n - an amulet of guardian spirit
 u - a ring of wizardry
Wands
 o - a wand of flame (4)
Scrolls
 i - a scroll of identify
 j - a scroll of magic mapping {unknown}
 m - a scroll of fog
Potions
 g - a potion of haste
 p - a potion of mutation {unknown}


   Skills:
 + Level 5.1 Fighting
 + Level 6.9 Long Blades
 + Level 0.4 Throwing
 + Level 6.5 Armour
 + Level 2.0 Dodging
 + Level 0.2 Stealth
 + Level 4.5 Shields


You had 6 spell levels left.
You didn't know any spells.
Your spell library contained the following spells:

 Spells                   Type           Power      Damage    Failure   Level
 Pain                     Necr           0%         1d4       99%         1
 Summon Small Mammal      Summ           0%         N/A       99%         1
 Poisonous Vapours        Pois/Air       0%         N/A       100%        2
 Gell's Gravitas          Tloc           0%         N/A       100%        3
 Lesser Beckoning         Tloc           0%         N/A       100%        3
 Teleport Other           Tloc           0%         N/A       100%        3
 Tukima's Dance           Hex            0%         N/A       100%        3
 Passage of Golubria      Tloc           0%         N/A       100%        4
 Agony                    Necr           0%         N/A       100%        5
 Excruciating Wounds      Necr           0%         N/A       100%        5
 Manifold Assault         Tloc           0%         N/A       100%        5
 Yara's Violent Unravell  Hex/Tmut       0%         3d3       100%        5
 Disjunction              Tloc           0%         N/A       100%        8


Dungeon Overview and Level Annotations

Branches:
Dungeon (5/15)
 Temple: D:4-7

Altars:
Sif Muna

Shops:
D:2 [[**   D:3 (


Innate Abilities, Weirdness & Mutations

You have a pair of horns on your head.
You reflexively headbutt those who attack you in melee.


Message History

The ice beast is moderately wounded.
The ice beast hits you. The ice beast freezes you!
The necrophage hits you but does no damage.
You hit the ice beast but do no damage. Your headbutt misses the ice beast.
The ice beast is moderately wounded.
The ice beast barely misses you. The necrophage hits you.
You hit the ice beast but do no damage.
The ice beast is moderately wounded.
The ice beast hits you. The ice beast freezes you!
You block the necrophage's attack. The ice beast hits you.
The ice beast freezes you.
You hit the ice beast.
You melt the ice beast.
The ice beast is heavily wounded.
The necrophage hits you but does no damage.
The ice beast hits you but does no damage.
You completely miss the ice beast.
The ice beast is heavily wounded.
The necrophage hits you.
* * * LOW HITPOINT WARNING * * *
You feel drained.
The ice beast hits you but does no damage.
You barely miss the ice beast. Your headbutt misses the ice beast.
The ice beast is heavily wounded.
The necrophage hits you.
* * * LOW HITPOINT WARNING * * *
You feel drained. You block the ice beast's attack.
You barely miss the ice beast.
The ice beast is heavily wounded.
The necrophage hits you but does no damage.
The ice beast hits you.
* * * LOW HITPOINT WARNING * * *
The ice beast freezes you!
* * * LOW HITPOINT WARNING * * *
As you read the scroll of teleportation, it crumbles to dust.
You feel strangely unstable. The necrophage hits you.
* * * LOW HITPOINT WARNING * * *
You feel drained. The ice beast hits you.
* * * LOW HITPOINT WARNING * * *
The ice beast freezes you!
You die...

### ##..## #
##..## #.
##..## #..
##..#####...
##.........
##..........
##...........
#...n........
#..##.@Y......
#..#
#.........
#..#
##........ ..#
#........
##.......
.......
#...... ......


You could see an ice beast and a necrophage.

Vanquished Creatures
  A water moccasin (D:4)
  A sky beast (D:5)
  An ogre (D:3)
  3 hounds
  A bullfrog skeleton (D:5)
  Jessica (D:3)
  Natasha (thrice) (D:2)
  Ijyb (D:5)
  An iguana (D:4)
  Robin (D:4)
  3 gnolls (D:2)
  5 adders
  4 worms
  A dart slug (D:2)
  6 orcs
  3 bats
  7 endoplasms
  14 goblins
  9 hobgoblins
  18 jackals
  2 kobolds (D:1)
  5 quokkas
  4 ball pythons
  4 frilled lizards
  6 rats
105 creatures vanquished.

Notes
Turn   | Place    | Note
-------+----------+-------------------------------------------
     0 | D:1      | boopmooplesden the Minotaur Fighter began the quest for the
                  | Orb.
     0 | D:1      | Reached XP level 1. HP: 19/19 MP: 0/0
    77 | D:1      | Reached XP level 2. HP: 10/27 MP: 1/1
   802 | D:1      | Reached XP level 3. HP: 32/33 MP: 2/2
   850 | D:2      | Found Fus Bant's General Store.
  1101 | D:2      | Noticed Natasha
  1102 | D:2      | Found a faded altar of an unknown god.
  1106 | D:2      | Killed Natasha
  1107 | D:2      | Reached XP level 4. HP: 39/40 MP: 3/3
  1161 | D:2      | Got Plato's Papyrus of the Entourage
  1243 | D:2      | Noticed Natasha
  1251 | D:2      | Killed Natasha
  1303 | D:2      | Noticed Natasha
  1309 | D:2      | Killed Natasha
  1311 | D:2      | Found Roba's Antique Armour Boutique.
  1377 | D:2      | Found Dummy's General Store.
  1383 | D:2      | Reached skill level 5 in Armour
  1383 | D:2      | Reached XP level 5. HP: 14/46 MP: 4/4
  1635 | D:2      | Got the Handbook of Orientation and Intoxication
  1655 | D:2      | Bought a +0 chain mail for 45 gold pieces
  1838 | D:2      | Reached skill level 1 in Dodging
  2000 | D:2      | Found Yfeepp's Antique Armour Shoppe.
  2207 | D:3      | Found Gungaib's Antique Weapon Shoppe.
  2234 | D:3      | Noticed an ogre
  2251 | D:3      | Killed an ogre
  2252 | D:3      | Reached skill level 5 in Long Blades
  2252 | D:3      | Reached XP level 6. HP: 27/53 MP: 5/5
  2535 | D:3      | Noticed Jessica
  2542 | D:3      | Killed Jessica
  2913 | D:3      | Found a shimmering blue altar of Sif Muna.
  3278 | D:4      | Noticed Robin
  3281 | D:4      | Killed Robin
  3600 | D:4      | Noticed a water moccasin
  3607 | D:4      | Killed a water moccasin
  3608 | D:4      | Reached XP level 7. HP: 58/60 MP: 6/6
  3871 | D:5      | Entered Level 5 of the Dungeon
  4072 | D:5      | Reached skill level 5 in Fighting
  4140 | D:5      | Noticed Ijyb
  4149 | D:5      | Killed Ijyb
  4280 | D:5      | HP: 2/56 [ice beast (1)]
  4280 | D:5      | Mangled by an ice beast

Illustrated notes

Levels and vault maps discovered:
D:1:      dpeg_arrival_rooms_b, layout_rooms
D:2:      layout_loops_ring, shapermc_ecumenical_altar_rom_forum, serial_shops,
          nicolae_shop_statue_plus, shop, nicolae_shop_hallway_stairs, shop,
          serial_bayou_ford_a, uniq_natasha
D:3:      layout_basic, nicolae_overflow_hidden_temple, serial_shops, shop,
          kennysheep_jessica_study
D:4:      layout_loops_cross, minmay_stone_trees_small,
          minmay_misc_feat_pillars, minmay_tree_intersection,
          chequers_arboretum, uniq_robin
D:5:      layout_cave_pods, uniq_ijyb

Skill      XL: |  1  2  3  4  5  6  7 |
---------------+----------------------+-----
Fighting       | 4 5 |  5.1
Armour         | 4 5 6 |  6.5
Long Blades    | 3 4 5 6 |  6.9
Shields        | 4 |  4.5
Dodging        | 1 2 |  2.0
Throwing       | |  0.4
Stealth        | |  0.2

Action                   |  1- 3 |  4- 6 |  7- 9 || total
-------------------------+-------+-------+-------++-------
Melee: Long sword        |    66 |   168 |    29 ||   263
       Headbutt          |     9 |    27 |     5 ||    41
Throw: Boomerang         |       |     5 |       ||     5
  Use: Potion            |       |     1 |       ||     1
       Scroll            |       |       |    10 ||    10
Armor: Scale mail        |    35 |    14 |       ||    49
       Chain mail        |       |    91 |    12 ||   103
Dodge: Dodged            |    53 |    93 |    10 ||   156
Block: Buckler           |    18 |    38 |     8 ||    64
